 Dungeon Crawl Stone Soup version 0.30-a0-137-gd8773701ce (webtiles) character file.

Game seed: 797158141679893950

14045 jlumianski the Cleaver (level 12, -8/72 HPs)
             Began as a Gargoyle Gladiator on Sept 21, 2022.
             Was a High Priest of Okawaru.
             Mangled by a skeletal warrior
             ... wielding a +0 scimitar
              (11 damage)
             ... on level 10 of the Dungeon.
             The game lasted 01:03:16 (16332 turns).

jlumianski the Cleaver (Gargoyle Gladiator)        Turns: 16332, Time: 01:03:17

Health: -8/72      AC: 36    Str: 26    XL:     12   Next: 12%
Magic:  16/16      EV: 10    Int: 20    God:    Okawaru [*****.]
Gold:   362        SH: 13    Dex:  8    Spells: 11/11 levels left

rFire   . . .      SeeInvis .    Q - +5 dagger "Citocsoh" {spect, Int+5}
rCold   . . .      Faith    .    U - +0 kite shield
rNeg    + . .      Spirit   .    G - +0 plate armour
rPois   ∞          Reflect  +    c - +2 helmet
rElec   +          Harm     .    V - scarf {repulsion}
rCorr   .          Rampage  .    M - +2 pair of gloves
Will    .....                    n - +2 pair of boots
Stlth   ..........               X - amulet of reflection
HPRegen 0.22/turn                s - +4 ring of protection
MPRegen 0.15/turn                y - +4 ring of evasion

@: repel missiles
A: sickness immunity, AC +8, negative energy resistance 1, electricity
resistance, torment resistance 1, petrification resistance, clever 2, sense
surroundings 1, strong 1
a: Renounce Religion, Heroism, Finesse, Duel


You were on level 10 of the Dungeon.
You worshipped Okawaru.
Okawaru was extremely pleased with you.
You visited 2 branches of the dungeon, and saw 13 of its levels.
You also visited: Sewer.

You collected 701 gold pieces.
You spent 339 gold pieces at shops.

Inventory:

Hand Weapons
 a - a +1 war axe of chaos
 H - a +3 dire flail of protection
 P - a +0 broad axe
 Q - the +5 dagger "Citocsoh" (weapon) {spect, Int+5}
   (You found it on level 7 of the Dungeon)

   When its wielder attacks, the weapon's spirit leaps out and strikes again.
   The spirit shares a part of any damage it takes with its wielder.
   Int:       It affects your intelligence (+5).
 R - a +0 battleaxe
 Z - a +5 spear of freezing
Missiles
 b - 5 poisoned darts
 d - 3 throwing nets
 z - 12 boomerangs
 K - 3 javelins (quivered)
Armour
 c - a +2 helmet (worn)
 n - a +2 pair of boots (worn)
 q - +0 acid dragon scales
 E - a scarf of invisibility
 G - a +0 plate armour (worn)
 I - a +1 cloak
 M - a +2 pair of gloves (worn)
 U - a +0 kite shield (worn)
 V - a scarf of repulsion (worn)
Magical Staves
 p - a staff of conjuration
 L - a staff of cold
Jewellery
 g - a ring of wizardry
 l - a ring of protection from fire
 s - a +4 ring of protection (left hand)
 y - a +4 ring of evasion (right hand)
 O - a ring of wizardry
 X - an amulet of reflection (around neck)
Wands
 B - a wand of acid (9)
 S - a wand of paralysis (5)
 Y - a wand of polymorph (5)
Scrolls
 e - 2 scrolls of blinking
 f - 2 scrolls of enchant weapon
 o - 4 scrolls of poison
 r - 3 scrolls of noise
 t - 2 scrolls of teleportation
 w - a scroll of fear
 C - a scroll of enchant armour
 T - a scroll of torment
 W - a scroll of magic mapping
Potions
 h - 2 potions of attraction
 i - a potion of ambrosia
 j - 2 potions of cancellation
 k - a potion of lignification
 m - a potion of degeneration
 u - 5 potions of heal wounds
 v - 2 potions of mutation
 x - 4 potions of invisibility
 A - a potion of might
 D - a potion of magic
 F - 5 potions of haste
 J - 5 potions of curing
 N - a potion of berserk rage


   Skills:
 + Level 7.0 Fighting
 + Level 5.4 Short Blades
 + Level 10.1 Axes
 + Level 3.0 Throwing
 + Level 8.1 Armour
 + Level 3.5 Dodging
 + Level 0.5 Stealth
 + Level 6.1 Shields
 * Level 6.4 Invocations
 * Level 6.1 Evocations


You had 11 spell levels left.
You didn't know any spells.
Your spell library contained the following spells:

 Spells                   Type           Power      Damage    Failure   Level
 Necrotise                Necr           0%         1d4       99%         1
 Ozocubu's Armour         Ice            0%         N/A       100%        3
 Vampiric Draining        Necr           0%         2d6       100%        3
 Agony                    Necr           0%         N/A       100%        5
 Ozocubu's Refrigeration  Ice            0%         4d7       100%        7


Dungeon Overview and Level Annotations

Branches:
Dungeon (12/15)            Temple (1/1) D:7             Orc (0/2) D:10
  Sewer (visited)
   Lair: D:8-11

Altars:
Ashenzari
Cheibriados
Dithmenos
Elyvilon
Fedhas
Gozag
Hepliaklqana
Kikubaaqudgha
Makhleb
Nemelex Xobeh
Okawaru
Qazlal
Ru
Sif Muna
Trog
Uskayaw
Vehumet
Wu Jian
Xom
Yredelemnul
Zin
The Shining One

Shops:
D:3 ([[   D:4 :   D:8 !   D:9 *


Innate Abilities, Weirdness & Mutations

You are immune to sickness and miasma.
Your stone body is resilient. (AC +8)
You are immune to poison.
You resist negative energy. (rN+)
You are resistant to electric shocks. (rElec)
You are resistant to unholy torment.
You are immune to petrification.
Your mind is very acute. (Int +8, Str/Dex -2)
You passively map a small area around you.
Your muscles are strong. (Str +4, Int/Dex -1)


Message History

You closely miss the skeletal warrior.
The skeletal warrior is severely damaged.
Your +5 dagger "Citocsoh" {spect, Int+5} closely misses the skeletal warrior.
The skeletal warrior hits you with a +0 scimitar!
* * * LOW HITPOINT WARNING * * *
You barely miss the skeletal warrior.
The skeletal warrior is severely damaged.
Your +5 dagger "Citocsoh" {spect, Int+5} hits the skeletal warrior!
Your +5 dagger "Citocsoh" {spect, Int+5} fades away.
The skeletal warrior hits you but does no damage.
You hit the skeletal warrior but do no damage.
The skeletal warrior is severely damaged.
Your +5 dagger "Citocsoh" {spect, Int+5} barely misses the skeletal warrior.
The skeletal warrior hits you with a +0 scimitar.
* * * LOW HITPOINT WARNING * * *
You hit the skeletal warrior but do no damage.
The skeletal warrior is severely damaged.
Your +5 dagger "Citocsoh" {spect, Int+5} hits the skeletal warrior.
The skeletal warrior hits your +5 dagger "Citocsoh" {spect, Int+5} with a +0 scimitar.
You hit the skeletal warrior but do no damage.
The skeletal warrior is severely damaged.
Your +5 dagger "Citocsoh" {spect, Int+5} hits the skeletal warrior.
You barely miss the skeletal warrior.
The skeletal warrior is severely damaged.
Your +5 dagger "Citocsoh" {spect, Int+5} hits the skeletal warrior but does no damage.
The skeletal warrior hits you but does no damage.
You barely miss the skeletal warrior.
The skeletal warrior is severely damaged.
Your +5 dagger "Citocsoh" {spect, Int+5} completely misses the skeletal warrior.
The skeletal warrior hits you with a +0 scimitar!
* * * LOW HITPOINT WARNING * * *
You hit the skeletal warrior.
The skeletal warrior is severely damaged.
Your +5 dagger "Citocsoh" {spect, Int+5} closely misses the skeletal warrior.
You block the skeletal warrior's attack.
You closely miss the skeletal warrior.
The skeletal warrior is severely damaged.
Your +5 dagger "Citocsoh" {spect, Int+5} barely misses the skeletal warrior.
The skeletal warrior hits you with a +0 scimitar!
You die...

.....####.........#
...........#####..#
.....###...# #..#
......#....# #..#
.....##....# #..#
.[..#####..#####..#
...## #.........#
.### #......)(z#
#### #..#####@[#
...######..# #..#
#..........# #..#
.[.........#####..#
...######.........#
...# #.........#
...# #..#####..#
...# #..# #..#
...######..# #..#


You could see a skeletal warrior and a friendly +5 dagger "Citocsoh" {spect,
Int+5} (summoned).

Vanquished Creatures
  Erolcha (D:10)
  A two-headed ogre (D:9)
  A skeletal warrior (D:10)
  A cyclops (D:11)
  An ugly thing (D:11)
  Maurice (D:8)
  5 trolls
  4 hornets
  A shadow (D:10)
  Sigmund (D:5)
  6 yaks (D:9)
  2 wyverns
  A vampire (D:11)
  A human (D:9)
  2 steam dragons
  2 vampire mosquitoes (D:11)
  14 two-headed ogre zombies (D:10)
  Edmund (D:5)
  2 acid dragons
  10 orc warriors
  2 ice beasts
  5 ogres
  5 centaurs
  A bullfrog (D:9)
  5 gnoll sergeants
  4 scorpions
  A necrophage (D:6)
  11 wights
  11 killer bees
  6 howler monkeys
  5 hounds
  5 orc priests
  7 jellies
  A gnoll bouda (D:10)
  Jessica (D:2)
  2 iguanas
  8 orc wizards
  6 adders
  29 gnolls
  5 river rats (Sewer)
  A shadow imp (D:7)
  An ufetubus (D:5)
  3 worms
  A dart slug (D:1)
  45 orcs
  6 ball pythons
  11 endoplasms
  6 giant cockroaches
  8 goblins
  4 hobgoblins (D:1)
  4 jackals (D:3)
  7 quokkas
  7 bats
  4 frilled lizards
  5 kobolds
  12 rats
303 creatures vanquished.

Vanquished Creatures (others)
  2 demonic plants (D:2)
  5 fungi (D:2)
  7 plants
  A withered plant (D:2)
15 creatures vanquished.

Grand Total: 318 creatures vanquished

Notes
Turn   | Place    | Note
-------+----------+-------------------------------------------
     0 | D:1      | jlumianski the Gargoyle Gladiator began the quest for the
                  | Orb.
     0 | D:1      | Reached XP level 1. HP: 12/12 MP: 1/1
   138 | D:1      | Reached XP level 2. HP: 9/17 MP: 2/2
   578 | D:1      | Reached skill level 3 in Axes
   976 | D:1      | Reached XP level 3. HP: 22/22 MP: 3/3
  1660 | D:2      | Found a faded altar of an unknown god.
  1686 | D:2      | Reached XP level 4. HP: 21/27 MP: 4/4
  1835 | D:2      | Noticed Jessica
  1839 | D:2      | Killed Jessica
  1840 | D:2      | Reached skill level 4 in Axes
  2184 | D:2      | Found a shimmering altar of Xom.
  2312 | D:4      | Reached XP level 5. HP: 31/31 MP: 5/5
  2314 | D:4      | Found a glowing drain.
  2323 | Sewer    | Entered a sewer
  2409 | Sewer    | Reached skill level 1 in Armour
  2778 | Sewer    | Reached skill level 5 in Axes
  2778 | Sewer    | Reached XP level 6. HP: 32/37 MP: 6/6
  2816 | Sewer    | Found a shimmering altar of Xom.
  3177 | D:3      | Found Buol's Antique Weapon Emporium.
  3182 | D:3      | Found Nushif's Armour Emporium.
  3220 | D:3      | Gained mutation: Your muscles are strong. (Str +4, Int/Dex
                  | -1) [potion of mutation]
  3220 | D:3      | Gained mutation: Your mind is acute. (Int +4, Str/Dex -1)
                  | [potion of mutation]
  3220 | D:3      | Gained mutation: Your mind is very acute. (Int +8, Str/Dex
                  | -2) [potion of mutation]
  3220 | D:3      | Gained mutation: You passively map a small area around you.
                  | [potion of mutation]
  4260 | D:3      | Found Jigumoonn's Armour Shop.
  4490 | D:5      | Entered Level 5 of the Dungeon
  4496 | D:5      | Noticed an ice beast
  4509 | D:5      | Killed an ice beast
  4510 | D:5      | Reached skill level 6 in Axes
  4510 | D:5      | Reached XP level 7. HP: 42/42 MP: 7/7
  4543 | D:4      | Found Pearaeg's Book Shoppe.
  5460 | D:5      | Noticed a hornet
  5478 | D:5      | Killed a hornet
  5479 | D:5      | Reached skill level 7 in Axes
  5479 | D:5      | Reached XP level 8. HP: 10/48 MP: 8/8
  6442 | D:6      | Reached skill level 5 in Fighting
  6442 | D:6      | Reached skill level 8 in Axes
  6858 | D:5      | Found a snail-covered altar of Cheibriados.
  6859 | D:5      | Found a radiant altar of Vehumet.
  6860 | D:5      | Found a burning altar of Makhleb.
  6861 | D:5      | Found a shimmering altar of Xom.
  6898 | D:5      | Noticed Edmund
  6907 | D:5      | Killed Edmund
  6963 | D:5      | Noticed Sigmund
  6986 | D:5      | Killed Sigmund
  6987 | D:5      | Reached XP level 9. HP: 49/54 MP: 9/9
  7174 | D:6      | Noticed a +0 hand axe
  7175 | D:6      | Found a hide-covered altar of Uskayaw.
  7175 | D:6      | Noticed a +0 hand axe
  7243 | D:7      | Found a staircase to the Ecumenical Temple.
  7251 | Temple   | Entered the Ecumenical Temple
  7335 | Temple   | Became a worshipper of Warmaster Okawaru
  7658 | D:6      | Reached skill level 5 in Armour
  8033 | D:6      | Reached skill level 9 in Axes
  8459 | D:6      | Reached * piety under Okawaru
  8708 | D:7      | Identified the +5 dagger "Citocsoh" {spect, Int+5}
  8773 | D:7      | Reached skill level 1 in Invocations
  9083 | D:9      | Noticed a troll
  9093 | D:9      | Killed a troll
  9099 | D:10     | Entered Level 10 of the Dungeon
  9119 | D:9      | Reached skill level 1 in Evocations
  9143 | D:8      | Found Ateguaw's Distillery.
  9239 | D:8      | Found a shadowy altar of Dithmenos.
  9331 | D:8      | Bought 2 potions of heal wounds for 110 gold pieces
  9331 | D:8      | Bought a potion of curing for 33 gold pieces
  9331 | D:8      | Bought 2 potions of curing for 66 gold pieces
  9336 | D:8      | Identified the +4 short sword of Paper {freeze, rF+ rN+}
  9460 | D:8      | Noticed a hornet
  9479 | D:8      | Killed a hornet
  9479 | D:8      | Reached ** piety under Okawaru
  9480 | D:8      | Reached skill level 1 in Short Blades
  9480 | D:8      | Reached skill level 10 in Axes
  9480 | D:8      | Reached XP level 10. HP: 32/60 MP: 11/11
  9650 | D:8      | Noticed Maurice
  9650 | D:8      | Paralysed by Maurice for 4 turns
  9669 | D:8      | Killed Maurice
 10424 | D:9      | Found Amug's Assorted Antiques.
 10432 | D:9      | Bought a kite shield for 130 gold pieces
 10557 | D:9      | Found a runed translucent door.
 10565 | D:9      | Found a basalt altar of Yredelemnul.
 11019 | D:9      | Reached *** piety under Okawaru
 11036 | D:9      | Reached skill level 1 in Shields
 12105 | D:12     | Noticed a cyclops
 12115 | D:12     | Noticed a green ugly thing
 12379 | D:10     | Found a stormy altar of Qazlal.
 12801 | D:10     | Reached XP level 11. HP: 41/65 MP: 14/14
 13005 | D:9      | Reached **** piety under Okawaru
 13212 | D:10     | Noticed a two-headed ogre
 13471 | D:9      | Killed a two-headed ogre
 13472 | D:9      | Reached skill level 5 in Invocations
 13472 | D:9      | Reached skill level 5 in Evocations
 13844 | D:10     | Found a staircase to the Orcish Mines.
 14717 | D:10     | Reached ***** piety under Okawaru
 15025 | D:10     | Reached skill level 5 in Shields
 15105 | D:10     | Noticed Erolcha
 15232 | D:10     | Killed Erolcha
 15594 | D:11     | Noticed a cyclops
 15607 | D:11     | Killed a cyclops
 15849 | D:11     | Noticed a red ugly thing
 15867 | D:11     | Killed a red ugly thing
 15868 | D:11     | Reached skill level 5 in Short Blades
 15884 | D:11     | Reached XP level 12. HP: 57/72 MP: 16/16
 16330 | D:10     | HP: 3/72 [skeletal warrior/+0 scimitar (12)]
 16332 | D:10     | Mangled by a skeletal warrior

Illustrated notes

Levels and vault maps discovered:
D:1:      kilobyte_arrival_exit_the_forest, layout_loops_ring
D:2:      layout_basic, shapermc_ecumenical_altar_gd, basic_altar,
          minmay_pentomino_x4, uniq_jessica
D:3:      layout_loops_cross, serial_shops, nicolae_diamond_shop, shop, shop,
          minmay_misc_feat_rugged, chequers_mini_garden
D:4:      layout_loops_ring, serial_shops, nicolae_take_the_stairs,
          portal_sewer_entry_d
D:5:      layout_loops_ring, mainiacjoe_overflow_alcove_3, grunt_ministairs_6,
          sigmund_edmund_badplayer
D:6:      layout_loops_corners, dancing_weapons_uskayaw
D:7:      layout_rooms, minmay_temple_entry_grid, st_stairs_13
D:8:      layout_basic, lemuel_round_altar, serial_shops,
          nicolae_shop_waterfront, uniq_maurice
D:9:      layout_big_octagon, dk_yredelemnul_ordeal, serial_shops,
          nicolae_shop_advertising_works [nicolae_subvault_shop_adworks],
          st_stairs_4
D:10:     lemuel_ogre_cave, layout_small_grid, nicolae_qazlal_general_emergency,
          kennysheep_orc_monster_closet_entryway
D:11:     layout_loops_ring, erik_lair_island, zin_scriptorium
D:12:     layout_irregular_city, nicolae_wwwww, uniq_lodul
Temple:   nicolae_temple_great_sept

Skill      XL: |  1  2  3  4  5  6  7  8  9 10 11 12 |
---------------+-------------------------------------+-----
Throwing       | 2 3 |  3.0
Axes           | 3 4 5 6 7 8 10 | 10.1
Fighting       | 3 4 5 6 7 |  7.0
Armour         | 1 3 4 6 7 8 |  8.1
Dodging        | 3 |  3.5
Invocations    | 2 4 5 6 |  6.4
Evocations     | 2 4 6 |  6.1
Short Blades   | 1 2 5 |  5.4
Shields        | 3 5 6 |  6.1
Stealth        | |  0.5

Action                   |  1- 3 |  4- 6 |  7- 9 | 10-12 || total
-------------------------+-------+-------+-------+-------++-------
Melee: War axe           |   108 |   276 |   275 |       ||   659
       Punch             |     1 |     4 |     4 |       ||     9
       Dagger            |       |       |    67 |   888 ||   955
Throw: Javelin           |     1 |       |    10 |     3 ||    14
       Throwing net      |       |       |     1 |       ||     1
       Boomerang         |       |       |       |    13 ||    13
Invok: Heroism           |       |       |     1 |     2 ||     3
Evoke: Wand              |       |       |       |     1 ||     1
  Use: Scroll            |       |    10 |     9 |     5 ||    24
       Potion            |       |    11 |     1 |       ||    12
 Stab: Distracted        |       |       |       |     3 ||     3
Armor: Leather armour    |    34 |       |       |       ||    34
       Ring mail         |    28 |   104 |       |       ||   132
       Plate armour      |       |    16 |   256 |   521 ||   793
       Chain mail        |       |     2 |       |       ||     2
Dodge: Dodged            |    89 |   211 |   210 |   372 ||   882
Block: Kite shield       |       |       |       |   551 ||   551
       Reflection        |       |       |       |    19 ||    19

Table legend: (Time is in decaauts)
 A = Elapsed time spent in this place.
 B = Non-inter-level travel time spent in this place.
 C = Inter-level travel time spent in this place.
 D = Time resting spent in this place.
 E = Time spent auto-exploring this place.
 F = Levels seen in this place.
 G = Mean time per level.
                   A        B        C        D        E       F      G
               +--------+--------+--------+--------+--------+-----+--------+
         Total |  16559 |  16279 |    280 |   4177 |   6424 |  14 | 1182.8 |
       Dungeon |  15595 |  15315 |    280 |   3715 |   6384 |  12 | 1299.6 |
        Temple |     98 |     98 |      0 |      0 |      0 |   1 |   98.0 |
         Sewer |    865 |    865 |      0 |    462 |     40 |   1 |  865.0 |
               +--------+--------+--------+--------+--------+-----+--------+

Top non-repeatable levels by time:
    D:10: 2796 daAuts
     D:9: 2534 daAuts
     D:1: 1646 daAuts
     D:6: 1578 daAuts
     D:5: 1553 daAuts
     D:8: 1435 daAuts
     D:3: 1114 daAuts
     D:4: 887 daAuts
   Sewer: 865 daAuts
     D:2: 858 daAuts
     D:7: 648 daAuts
    D:11: 483 daAuts
  Temple: 98 daAuts
    D:12: 58 daAuts
